 Dungeon Crawl Stone Soup version 0.21.0-3-g78d12a8bdd (webtiles) character file.

158 Nivus the Skirmisher (level 5, -4/42 HPs)
             Began as a Human Fighter on Jan 15, 2018.
             Killed by divine providence
             ... invoked by an orc priest
              (11 damage)
             ... on level 2 of the Dungeon.
             The game lasted 00:15:21 (2155 turns).

Nivus the Skirmisher (Human Fighter)                Turns: 2155, Time: 00:15:22

Health: -4/42      AC: 11    Str: 17    XL:     5   Next: 66%
Magic:  5/5        EV:  5    Int:  9    God:
Gold:   94         SH:  9    Dex: 12    Spells: 4/4 levels left

rFire    + . .     SeeInvis .   a - +0 rapier
rCold    . . .     Gourm    .   c - +0 shield
rNeg     . . .     Faith    .   q - +0 chain mail
rPois    .         Spirit   .   (no helmet)
rElec    .         Reflect  .   K - +0 cloak (curse)
rCorr    .         Harm     .   R - +0 pair of gloves
MR       .....                  (no boots)
Stlth    ..........             Q - amulet of inaccuracy (curse)
HPRegen  0.14/turn              s - ring of protection from fire
MPRegen  0.09/turn              (no ring)

@: no status effects
A: no striking features
a: no special abilities


You were on level 2 of the Dungeon.
You were very hungry.

You visited 1 branch of the dungeon, and saw 3 of its levels.

You collected 94 gold pieces.

Inventory:

Hand Weapons
 a - a +0 rapier (weapon)
 g - a +0 club
 j - a +0 whip
 l - a +0 club
 m - a +0 club
 n - a +0 hand axe
 p - a +2 dagger of venom
 r - a +0 short sword
 t - a +0 club
 v - a cursed -3 club
 w - a +0 short sword
 x - a +0 club
 y - a +1 antimagic dagger
 z - a +0 spear
 A - a +0 club
 B - a +0 dagger
 C - a +0 short sword
 H - a +0 hunting sling
 J - a +2 quarterstaff of chaos
 L - a +0 mace
 N - a +0 club
 P - a +0 dagger
 S - a +0 morningstar
 U - a +0 flail
Missiles
 e - 21 poisoned needles
 k - 109 stones (quivered)
 u - 28 arrows
Armour
 b - a +0 scale mail
 c - a +0 shield (worn)
 h - a +0 naga barding
 q - a +0 chain mail (worn)
 D - a +0 scale mail
 E - a +0 shield
 F - a +0 robe
 K - a cursed +0 cloak (worn)
 O - a +0 robe
 R - a +0 pair of gloves (worn)
 T - a +0 ring mail
Jewellery
 s - a ring of protection from fire (left hand)
 Q - a cursed amulet of inaccuracy (around neck)
Scrolls
 M - 3 scrolls of noise {unknown}
 V - a scroll of teleportation {unknown}
Potions
 d - 3 potions of might
 i - 3 potions of curing {unknown}
 o - a potion of lignification {unknown}
 G - a potion of brilliance {unknown}
 I - a potion of degeneration {unknown}
Comestibles
 f - 3 rations


   Skills:
 + Level 3.8 Fighting
 + Level 3.2 Short Blades
 + Level 3.6 Armour
 + Level 1.3 Dodging
 + Level 0.1 Stealth
 + Level 3.7 Shields


You had 4 spell levels left.
You didn't know any spells.

Dungeon Overview and Level Annotations

Branches:
Dungeon (3/15)

Altars:


Message History

The orc hits you from afar with a trident.
You block the orc's attack. You block the orc's attack.
The orc priest miscasts a cantrip.
There is a stone staircase leading up here.
You block the orc priest's attack.
The goblin unwields an uncursed dagger.
The goblin wields a hunting sling.
The goblin shoots a stone.
The stone barely misses you.
You climb upwards.
There is a stone staircase leading down here.
The orc priest calls down the wrath of Beogh upon you.
Pain shoots through your body!
The orc priest invokes the aid of Beogh against you.
Beogh smites you!
* * * LOW HITPOINT WARNING * * *
The orc priest casts a cantrip, but nothing happens.
The orc priest begins to cast a cantrip, but forgets the words!
The orc priest invokes the aid of Beogh against you.
Beogh smites you!
You die...

....# #...# ###.# ### ....#
##### #...# #<# ....#
#.######.#
....#############.# #..†.#
....##.......#....# #.####
##..##.......#'#### #.#
###'##...........####.#
#.....##.........'.<#.###
#.....##........@####...#
#.....##.........# ###.#
#.....###...#....######.#
#.....###'###........##.####
#..........##........##....#
...........##........#####.#
...........##.o.###### #.#
...........##...###### #.#
..........###........# #.#


You could see an orc priest.

Vanquished Creatures
  Crazy Yiuf (D:2)
  A bullfrog skeleton (D:2)
  Terence (D:2)
  An ooze (D:1)
  2 worms (D:2)
  A dart slug (D:1)
  A leopard gecko (D:1)
  3 orcs (D:3)
  2 ball pythons
  6 giant cockroaches (D:1)
  7 goblins
  7 hobgoblins
  4 jackals (D:1)
  6 kobolds
  4 bats
  2 frilled lizards (D:2)
  8 rats
  5 fungi (D:2)
62 creatures vanquished.

Notes
Turn   | Place    | Note
-------+----------+-------------------------------------------
     0 | D:1      | Nivus the Human Fighter began the quest for the Orb.
     0 | D:1      | Reached XP level 1. HP: 18/18 MP: 1/1
   122 | D:1      | Reached XP level 2. HP: 23/24 MP: 2/2
   322 | D:1      | Reached XP level 3. HP: 9/29 MP: 3/3
   837 | D:1      | Reached XP level 4. HP: 13/35 MP: 4/4
  1065 | D:2      | Reached skill level 1 in Dodging
  1228 | D:2      | Noticed Terence
  1248 | D:2      | Killed Terence
  1248 | D:2      | Reached XP level 5. HP: 26/42 MP: 5/5
  1503 | D:2      | Found a runed door.
  1507 | D:2      | Noticed Crazy Yiuf
  1540 | D:2      | Killed Crazy Yiuf
  2155 | D:2      | Killed from afar by an orc priest

Skill      XL: |  1  2  3  4 |
---------------+-------------+-----
Dodging        | 1 |  1.3
Short Blades   | 3 |  3.2
Fighting       | |  3.8
Armour         | |  3.6
Stealth        | |  0.1
Shields        | |  3.7

Action                   |  1- 3 |  4- 6 || total
-------------------------+-------+-------++-------
Melee: Rapier            |   144 |   139 ||   283
  Eat: Ration            |       |     1 ||     1
Armor: Scale mail        |    69 |    14 ||    83
       Chain mail        |       |    17 ||    17
Dodge: Dodged            |    62 |    19 ||    81
Block: Shield            |    86 |    48 ||   134
